 Dungeon Crawl Stone Soup version 0.20.1-1-g8b1a95d (webtiles) character file.

2447 Gremour the Severer (level 9, -10/71 HPs)
             Began as a Hill Orc Fighter on Nov 9, 2017.
             Mangled by a two-headed ogre
             ... wielding a +0 giant spiked club
              (11 damage)
             ... on level 7 of the Dungeon.
             The game lasted 00:29:21 (5969 turns).

Gremour the Severer (Hill Orc Fighter)              Turns: 5969, Time: 00:29:22

Health: -10/71     AC:  7    Str: 24    XL:     9   Next: 49%
Magic:  9/9        EV:  8    Int:  8    God:
Gold:   166        SH: 10    Dex: 15    Spells: 8/8 levels left

rFire    + . .     SeeInvis .   b - +2 hand axe (freeze)
rCold    + . .     Gourm    .   c - +0 shield
rNeg     + . .     Faith    .   u - +3 leather armour {rF+}
rPois    .         Spirit   .   (helmet restricted)
rElec    .         Reflect  .   (no cloak)
rCorr    .         Harm     .   (no gloves)
MR       .....                  C - +0 pair of boots
Stlth    +.........             (no amulet)
Regen    0.3/turn               t - ring of positive energy
MPRegen  0.2/turn               d - ring "Hittoom" {*Slow rC+ Str+5 Dex+4}

@: no status effects
A: antennae 1, blurry vision 1, clumsy 1, wild magic 1
a: no special abilities


You were on level 7 of the Dungeon.
You were not hungry.

You visited 1 branch of the dungeon, and saw 7 of its levels.

You collected 306 gold pieces.
You spent 140 gold pieces at shops.

Inventory:

Hand Weapons
 a - a +1 war axe
 b - a +2 hand axe of freezing (weapon)
 h - a +0 falchion of holy wrath
Armour
 c - a +0 shield (worn)
 u - a +3 leather armour of fire resistance (worn)
 z - a cursed +1 helmet
 C - a +0 pair of boots (worn)
Jewellery
 d - the ring "Hittoom" (right hand) {*Slow rC+ Str+5 Dex+4}
   (You bought it in a shop on level 6 of the Dungeon)

   [ring of protection from cold]

   It affects your strength (+5).
   It affects your dexterity (+4).
   It protects you from cold.
   It may slow you when you take damage.
 j - an uncursed ring of protection from cold
 t - a ring of positive energy (left hand)
Wands
 e - a wand of digging (15/24)
 F - a wand of acid (9/15)
Scrolls
 g - a scroll of immolation {unknown}
 i - 6 scrolls of identify
 n - 3 scrolls of teleportation
 q - 2 scrolls of enchant weapon
 y - 2 scrolls of remove curse
Comestibles
 f - 6 bread rations


   Skills:
 + Level 4.3 Fighting
 - Level 15.2 Axes
 + Level 3.4 Armour
 + Level 3.4 Shields


You had 8 spell levels left.
You didn't know any spells.

Dungeon Overview and Level Annotations

Branches:
Dungeon (7/15)
 Temple: D:4-7

Altars:
Ashenzari
Cheibriados
Dithmenos
Gozag
Kikubaaqudgha
Okawaru
Trog
Uskayaw
Vehumet
The Shining One

Shops:
D:6 *

Annotations:
D:6 252 scale


Innate Abilities, Weirdness & Mutations

You have a pair of small antennae on your head.
Scrolls take you a little longer to read.
You are clumsy. (Dex -2)
Your spells are a little harder to cast, but a little more powerful.


Message History

The two-headed ogre is splashed with acid.
The acid corrodes the two-headed ogre!
The two-headed ogre is severely wounded.
This wand has 10 charges left.
The two-headed ogre hits you with a giant spiked club!
* * * LOW HITPOINT WARNING * * *
The two-headed ogre hits you but does no damage.
Evoke which item? (* to show all) (? for menu, Esc to quit)
Aiming: Corrosive Bolt
Press: ? - help, Shift-Dir - straight line, f/p - two-headed ogre
Aim: a two-headed ogre, wielding a giant spiked club and a giant club (severely wounded, covered in acid)
The bolt of acid hits the two-headed ogre.
The two-headed ogre is splashed with acid.
The acid corrodes the two-headed ogre!
The two-headed ogre is almost dead.
This wand has 9 charges left.
The two-headed ogre hits you with a giant spiked club.
* * * LOW HITPOINT WARNING * * *
The two-headed ogre hits you with a giant club!
You die...

..##.# #!..#. #.#..
##### #... #.>.# #..#
#...###..#
#...)##..###...
#.[)@).......
#.###O###... #.# #.#
##†# #.# ####))###.#
#......##.#
#......##.##
#......##..#
#......###.###########


You could see a two-headed ogre.

Vanquished Creatures
  The ghost of Ymberto the Fighter, a novice HuHu of Okawaru (D:6)
  3 ice beasts (D:6)
  2 ogres
  A phantom (D:4)
  A centaur (D:5)
  A bullfrog (D:6)
  2 scorpions
  3 howler monkeys
  A crimson imp (D:5)
  2 orc priests
  7 orc wizards
  A hound (D:4)
  A jelly (D:6)
  2 centaur skeletons
  An iguana (D:5)
  5 worker ants
  A hound skeleton (D:6)
  A howler monkey skeleton (D:4)
  19 adders
  5 gnolls
  A shadow imp (D:5)
  3 adder skeletons
  4 worms (D:2)
  2 dart slugs (D:1)
  4 leopard geckos
  18 orcs
  A ball python (D:1)
  3 giant cockroaches
  9 goblins
  6 hobgoblins
  6 jackals
  2 quokkas
  3 bats (D:2)
  7 frilled lizards
  6 kobolds
  A leopard gecko skeleton (D:5)
  6 rats
142 creatures vanquished.

Vanquished Creatures (others)
  A human (D:6)
1 creature vanquished.

Grand Total: 143 creatures vanquished

Notes
Turn   | Place    | Note
-------+----------+-------------------------------------------
     0 | D:1      | Gremour the Hill Orc Fighter began the quest for the Orb.
     0 | D:1      | Reached XP level 1. HP: 19/19 MP: 1/1
    60 | D:1      | Reached skill level 3 in Axes
   108 | D:1      | Reached XP level 2. HP: 26/26 MP: 2/2
   123 | D:1      | Reached skill level 4 in Axes
   438 | D:1      | Reached XP level 3. HP: 8/31 MP: 3/3
   929 | D:2      | Reached skill level 5 in Axes
  1254 | D:2      | Reached XP level 4. HP: 37/39 MP: 4/4
  1356 | D:2      | Reached skill level 6 in Axes
  1379 | D:2      | Found a bloodstained altar of Trog.
  1434 | D:2      | Found a snail-covered altar of Cheibriados.
  1782 | D:2      | Reached XP level 5. HP: 39/45 MP: 5/5
  2085 | D:3      | Reached skill level 7 in Axes
  2529 | D:4      | Reached skill level 8 in Axes
  2529 | D:4      | Reached XP level 6. HP: 22/51 MP: 6/6
  2719 | D:4      | Found an iron altar of Okawaru.
  2831 | D:4      | Reached skill level 9 in Axes
  2979 | D:4      | Noticed a phantom
  3032 | D:4      | Killed a phantom
  3032 | D:4      | Reached skill level 10 in Axes
  3032 | D:4      | Reached XP level 7. HP: 42/57 MP: 7/7
  3338 | D:5      | Entered Level 5 of the Dungeon
  3613 | D:5      | Found a radiant altar of Vehumet.
  3953 | D:5      | Reached skill level 11 in Axes
  4269 | D:5      | Reached XP level 8. HP: 64/64 MP: 8/8
  4494 | D:5      | Reached skill level 12 in Axes
  4588 | D:6      | Gained mutation: You are clumsy. (Dex -2) [potion of mutation]
  4588 | D:6      | Gained mutation: Your spells are a little harder to cast, but a little more powerful. [potion of mutation]
  4588 | D:6      | Gained mutation: Scrolls take you a little longer to read. [potion of mutation]
  4588 | D:6      | Gained mutation: You have a pair of small antennae on your head. [potion of mutation]
  4639 | D:6      | Found Igyox's Assorted Antiques.
  4669 | D:6      | Bought a transparent platinum ring for 140 gold pieces
  4670 | D:6      | Identified the ring "Hittoom" {*Slow rC+ Str+5 Dex+4} (You bought it in a shop on level 6 of the Dungeon)
  4994 | D:6      | Found a hide-covered altar of Uskayaw.
  5065 | D:6      | Found a glowing golden altar of the Shining One.
  5072 | D:6      | Found a shattered altar of Ashenzari.
  5074 | D:6      | Found an iron altar of Okawaru.
  5076 | D:6      | Found a shadowy altar of Dithmenos.
  5076 | D:6      | Found an ancient bone altar of Kikubaaqudgha.
  5077 | D:6      | Found an opulent altar of Gozag.
  5149 | D:6      | Reached skill level 13 in Axes
  5255 | D:6      | Noticed Ymberto's ghost (novice HuHu)
  5282 | D:6      | Killed Ymberto's ghost
  5282 | D:6      | Reached skill level 14 in Axes
  5282 | D:6      | Reached XP level 9. HP: 15/70 MP: 9/9
  5520 | D:6      | Found an ancient bone altar of Kikubaaqudgha.
  5775 | D:6      | Reached skill level 15 in Axes
  5874 | D:7      | Noticed a two-headed ogre
  5969 | D:7      | HP: 1/71 [two-headed ogre/giant spiked club (6)]
  5969 | D:7      | Mangled by a two-headed ogre

Skill      XL: |  1  2  3  4  5  6  7  8  9 |
---------------+----------------------------+-----
Axes           | 3 4 5 6 8 10 11 14 15 | 15.2
Fighting       | 4 |  4.3
Armour         | |  3.4
Shields        | |  3.4

Action                   |  1- 3 |  4- 6 |  7- 9 || total
-------------------------+-------+-------+-------++-------
Melee: War axe           |    85 |   192 |   260 ||   537
       Hand axe          |       |       |    16 ||    16
Evoke: Wand              |       |       |     6 ||     6
  Use: Scroll            |       |     2 |     9 ||    11
       Potion            |       |       |    12 ||    12
  Eat: Chunk             |     1 |     5 |     3 ||     9
       Meat ration       |       |       |     2 ||     2
Armor: Scale mail        |    54 |     5 |       ||    59
       Leather armour    |       |    41 |    63 ||   104
Dodge: Dodged            |    30 |    64 |    69 ||   163
Block: Shield            |    51 |    79 |   112 ||   242
